 Dungeon Crawl Stone Soup version 0.25-a0-1007-g10a8c3caa8 (webtiles) character file.

Game seed: 6700936144807380932, levelgen mode: deterministic

264 MisterFreud the Slasher (level 6, -5/43 HPs)
             Began as an Octopode Gladiator on May 11, 2020.
             Slain by an ice beast (7 damage)
             ... on level 5 of the Dungeon.
             The game lasted 00:03:36 (3616 turns).

MisterFreud the Slasher (Octopode Gladiator)        Turns: 3616, Time: 00:03:37

Health: -5/43      AC:  1    Str: 13    XL:     6   Next: 19%
Magic:  6/6        EV: 14    Int: 12    God:
Gold:   195        SH:  0    Dex: 14    Spells: 5/5 levels left

rFire    + . .     SeeInvis .   a - +1 long sword
rCold    . . .     Gourm    .   (no shield)
rNeg     . . .     Faith    .   b - +0 hat
rPois    .         Spirit   .   s - amulet of the acrobat
rElec    .         Reflect  .   e - ring of protection from fire
rCorr    .         Harm     .   r - ring of teleportation (curse)
MR       .....     Rnd*Tele +   (no ring)
Stlth    ++........             (no ring)
HPRegen  0.14/turn              (no ring)
MPRegen  0.10/turn              (no ring)
                                (no ring)
                                (no ring)

@: no status effects
A: almost no armour, stealthy swim, amphibious, 8 rings, constrict 8, camouflage
1, gelatinous body 1
a: no special abilities


You were on level 5 of the Dungeon.
You were hungry.

You visited 1 branch of the dungeon, and saw 5 of its levels.

You collected 195 gold pieces.

Inventory:

Hand Weapons
 a - a +1 long sword (weapon)
Missiles
 c - 3 throwing nets (quivered)
Armour
 b - a +0 hat (worn)
Jewellery
 e - a ring of protection from fire (left tentacle)
 r - a cursed ring of teleportation (right tentacle)
 s - an amulet of the acrobat (around mantle)
Scrolls
 f - a scroll of enchant weapon
 g - a scroll of random uselessness
 h - 2 scrolls of fog
 i - a scroll of identify
 k - a scroll of teleportation
Potions
 j - a potion of heal wounds
 l - 2 potions of haste
 n - a potion of might
 o - a potion of resistance {unknown}
 p - 2 potions of curing
 q - a potion of berserk rage
Comestibles
 d - 14 rations


   Skills:
 - Level 4.0 Fighting
 + Level 5.7 Long Blades
 - Level 2.0 Throwing
 - Level 3.0 Dodging


You had 5 spell levels left.
You didn't know any spells.
Your spell library was empty.

Dungeon Overview and Level Annotations

Branches:
Dungeon (5/15)
 Temple: D:4-7

Altars:
Ashenzari
Sif Muna


Innate Abilities, Weirdness & Mutations

You cannot wear most types of armour.
You are very stealthy in the water. (Stealth+)
You are amphibious.
You can wear up to eight rings at the same time.
You can use your tentacles to constrict eight enemies at once.
Your skin changes colour to match your surroundings (Stealth+).
Your rubbery body absorbs attacks. (AC +1, EV +1)


Message History

There is a stone staircase leading up here.
You slash the ice beast! Your squeeze misses the ice beast.
The ice beast is moderately wounded.
You are feeling hungry.
The ice beast hits you. The ice beast freezes you!
You slash the ice beast!
The ice beast is heavily wounded.
The ice beast hits you. The ice beast freezes you!
You slash the ice beast!
The ice beast is almost dead.
The ice beast closely misses you.
You hit the ice beast but do no damage.
You squeeze the ice beast, but do no damage.
The ice beast is almost dead.
The ice beast hits you. The ice beast freezes you!
* * * LOW HITPOINT WARNING * * *
The ice beast hits you.
* * * LOW HITPOINT WARNING * * *
The ice beast freezes you!
You die...

#. .#
#####.##.#
#........#
#........####.
#............r
#.........###.
#...........#
.#
###....Y....#..
..
#....@....#..
..
#..##...####.
.# ## #.. #...#
#. .# .. ##.
##.## #.
.#.##.. #. Z#
#.##..l....
.#####.#ยง.#
...o...<..#
###....Z..#
#............


You could see an ice beast and a leopard gecko skeleton.

Vanquished Creatures
  A howler monkey (D:4)
  A bullfrog skeleton (D:4)
  2 centaur skeletons (D:4)
  A hound (D:4)
  2 adders
  2 oozes (D:3)
  2 leopard geckos
  2 orcs
  5 giant cockroaches
  6 hobgoblins
  11 jackals
  6 bats
  4 frilled lizards
  16 goblins
  9 kobolds
  5 rats
75 creatures vanquished.

Notes
Turn   | Place    | Note
-------+----------+-------------------------------------------
     0 | D:1      | MisterFreud the Octopode Gladiator began the quest for the
                  | Orb.
     0 | D:1      | Reached XP level 1. HP: 14/14 MP: 1/1
   264 | D:1      | Reached XP level 2. HP: 20/20 MP: 2/2
   701 | D:1      | Reached XP level 3. HP: 26/26 MP: 3/3
  1090 | D:2      | Found a shattered altar of Ashenzari.
  1561 | D:2      | Found a shimmering blue altar of Sif Muna.
  1903 | D:3      | Reached XP level 4. HP: 32/33 MP: 4/4
  2441 | D:4      | Reached skill level 4 in Long Blades
  2524 | D:4      | Reached XP level 5. HP: 37/37 MP: 5/5
  2544 | D:4      | Reached skill level 5 in Long Blades
  3105 | D:4      | Reached XP level 6. HP: 43/43 MP: 6/6
  3590 | D:5      | Entered Level 5 of the Dungeon
  3590 | D:5      | Noticed a phantom
  3600 | D:5      | Noticed an ice beast
  3602 | D:5      | Noticed a sky beast
  3616 | D:5      | HP: 2/43 [ice beast (1)]
  3616 | D:5      | Slain by an ice beast

Illustrated notes

Levels and vault maps discovered:
D:1:      zelgadis_glass_arrival_small, layout_rooms, hangedman_decor_lopped,
          chequers_serial_rivers_room_a, chequers_serial_rivers_micro_e
D:2:      layout_loops_ring, led_sif_pool, nicolae_ashenzari_panopticon,
          first_ration, serial_bayou_crossing
D:3:      layout_basic
D:4:      kennysheep_goblin_castle, layout_cave_pools
D:5:      layout_loops_ring, grunt_qazlal_clouds,
          minmay_temple_entry_butterflies, uniq_menkaure

Skill      XL: |  1  2  3  4  5 |
---------------+----------------+-----
Fighting       | 3 4 |  4.0
Long Blades    | 4 5 |  5.7
Throwing       | |  2.0
Dodging        | |  3.0

Action                   |  1- 3 |  4- 6 || total
-------------------------+-------+-------++-------
Melee: Long sword        |    77 |    60 ||   137
       Tentacles         |    13 |    11 ||    24
       Constrict         |    17 |    14 ||    31
  Use: Scroll            |       |    11 ||    11
 Stab: Sleeping          |     5 |     3 ||     8
       Distracted        |     1 |     1 ||     2
  Eat: Chunk             |     3 |     5 ||     8
Armor: Skin              |     4 |     5 ||     9
Dodge: Dodged            |    58 |    41 ||    99
       Rpst.: Long sword |    15 |     8 ||    23

Table legend:
 A = Non-vault XP
 B = Vault XP
 C = Vault XP percentage of total XP
 D = Non-vault monster count
 E = Vault monster count
 F = Vault count percentage of total count
                 A         B        C        D         E       F
            +---------+---------+-------+---------+---------+-------
      Total |     357 |      21 |   5.6 |      64 |      11 |  14.7
            +---------+---------+-------+---------+---------+-------
        D:1 |      43 |       0 |   0.0 |      26 |       0 |   0.0
        D:2 |      31 |       0 |   0.0 |      18 |       0 |   0.0
        D:3 |      43 |       0 |   0.0 |      11 |       0 |   0.0
        D:4 |     240 |      21 |   8.0 |       9 |      11 |  55.0
            +---------+---------+-------+---------+---------+-------
